 Dungeon Crawl Stone Soup version 0.26-a0-810-ge1a9524b62 (webtiles) character file.

Game seed: 17460631419986290743

2766 pkoi the Grappler (level 9, -1/79 HPs)
             Began as a Yellow Draconian Monk on Nov 12, 2020.
             Was a Priest of Ru.
             Killed by divine providence
             ... invoked by an orc priest
              (16 damage)
             ... on level 8 of the Dungeon.
             The game lasted 00:13:54 (9747 turns).

pkoi the Grappler (Yellow Draconian Monk)           Turns: 9747, Time: 00:13:55

Health: -1/79      AC:  7    Str: 20    XL:     9   Next: 42%
Magic:  9/9        EV: 16    Int: 12    God:    Ru [***...]
Gold:   576        SH:  0    Dex: 19    Spells: 8/8 levels left

rFire    . . .     SeeInvis .     - Unarmed
rCold    . . .     Faith    .   (no shield)
rNeg     . . .     Spirit   .   (armour unavailable)
rPois    .         Reflect  .   (helmet restricted)
rElec    .         Harm     .   g - scarf {repulsion}
rCorr    +         Rampage  .   (no gloves)
MR       .....                  (no boots)
Stlth    ++........             (no amulet)
HPRegen  0.23/turn              c - +6 ring of dexterity
MPRegen  0.11/turn              i - +6 ring of strength

@: exhausted, short of breath, lightly drained, repel missiles
A: spit acid, unfitting armour, dopey 1, cold-blooded, inability to use devices,
acid resistance, AC +7
a: Breathe Acid, Draw Out Power, Renounce Religion


You were on level 8 of the Dungeon.
You worshipped Ru.
Ru was most pleased with you.
You visited 2 branches of the dungeon, and saw 9 of its levels.

You collected 576 gold pieces.

Inventory:

Missiles
 e - 3 boomerangs of dispersal
 f - 3 boomerangs (quivered)
 j - 39 poisoned darts
Armour
 g - a scarf of repulsion (worn)
Jewellery
 c - a +6 ring of dexterity (left hand)
 h - an uncursed ring of magical power
 i - a +6 ring of strength (right hand)
 u - an uncursed ring of ice
Scrolls
 b - 7 scrolls of identify
 k - a scroll of fog
 m - 4 scrolls of remove curse
 o - a scroll of blinking
 r - a scroll of amnesia
 v - a scroll of teleportation
 w - 2 scrolls of enchant weapon
 x - a scroll of noise {unknown}
Potions
 a - a potion of haste {unknown}
 d - a potion of invisibility
 l - 5 potions of curing
 n - 2 potions of heal wounds {unknown}
 p - 4 potions of might
 q - 2 potions of mutation
 s - 3 potions of brilliance {unknown}
 t - a potion of lignification


   Skills:
 + Level 7.0(6.9) Fighting
 + Level 4.6(4.4) Throwing
 + Level 5.8(5.7) Dodging
 - Level 1.7(1.6) Stealth
 * Level 9.3(9.1) Unarmed Combat


You had 8 spell levels left.
You didn't know any spells.
Your spell library contained the following spells:

 Spells                   Type           Power        Failure   Level
 Haunt                    Necr/Summ      #.........   100%        7
 Borgnjor's Revivificati  Necr           #.........   100%        8
 Infestation              Necr           #.........   100%        8
 Necromutation            Tmut/Necr      #.........   100%        8
 Death's Door             Necr           #.........   100%        9


Dungeon Overview and Level Annotations

Branches:
Dungeon (8/15)             Temple (1/1) D:5
   Lair: D:8-11

Altars:
Ashenzari
Cheibriados
Dithmenos
Elyvilon
Fedhas
Gozag
Hepliaklqana
Kikubaaqudgha
Makhleb
Okawaru
Qazlal
Ru
Sif Muna
Trog
Uskayaw
Vehumet
Wu Jian
Xom
Yredelemnul
Zin
The Shining One

Shops:
D:8 (


Innate Abilities, Weirdness & Mutations

You can spit globs of acid.
Your golden yellow scales are hard. (AC +7)
You cannot fit into any form of body armour.
You are dopey. (Int -2)
You are cold-blooded and may be slowed by cold attacks.
You cannot study or use magical devices.
You are resistant to acid. (rCorr)


Message History

You punch the ice beast! You tail-slap the ice beast.
The ice beast is moderately wounded.
The orc priest misses you.
You hit the ice beast but do no damage. Your punch misses the ice beast.
The ice beast is moderately wounded.
The ice beast hits you. The ice beast freezes you!
You feel yourself slow down.
The orc priest invokes the aid of Beogh against you.
Beogh smites you!
* * * LOW HITPOINT WARNING * * *
You punch the ice beast!
The ice beast is almost dead.
The ice beast hits you but does no damage.
The orc priest barely misses you.
You punch the ice beast!
You kill the ice beast!
You feel yourself speed up. The orc priest barely misses you.
The orc priest mumbles some strange prayers to Beogh against you.
Beogh smites you!
You die...

###..##..# #.8###.#
.###..# #.### #....†.##
#.^.######..
###.....####...........
.............######...
.....##...#.....## [...
.###..#.#.####...###.#...
##.....@)o....(.... ..
.....###o...##...##...
### ####..#........
##.......### ##.........
#.†..##### )........
#...#..##... ######.. ..


You could see 2 orc priests.

Vanquished Creatures
  A water moccasin (D:7)
  3 ice beasts
  An orc warrior (D:6)
  A sky beast (D:7)
  2 ogres
  A centaur (D:7)
  2 big kobolds (D:4)
  4 bullfrogs
  A scorpion (D:7)
  14 wights
  A howler monkey (D:4)
  6 hounds
  An orc priest (D:3)
  A bullfrog skeleton (D:7)
  A jelly (D:7)
  A centaur skeleton (D:4)
  4 iguanas
  2 orc wizards
  2 worker ants
  A hound zombie (D:7)
  11 gnolls
  A howler monkey zombie (D:3)
  4 adders
  A white imp (D:7)
  2 ufetubi
  4 oozes
  4 worms
  A dart slug (D:1)
  7 leopard geckos
  8 orcs
  5 giant cockroaches
  39 goblins
  31 hobgoblins
  19 jackals
  11 kobolds
  2 ball pythons
  7 bats
  3 frilled lizards
  A quokka zombie (D:7)
  6 rats
217 creatures vanquished.

Vanquished Creatures (others)
  An orc (D:3)
  A hobgoblin (D:4)
  A jackal (D:7)
  4 plants (D:4)
7 creatures vanquished.

Grand Total: 224 creatures vanquished

Notes
Turn   | Place    | Note
-------+----------+-------------------------------------------
     0 | D:1      | pkoi the Draconian Monk began the quest for the Orb.
     0 | D:1      | Reached XP level 1. HP: 19/19 MP: 1/1
   159 | D:1      | Reached XP level 2. HP: 21/26 MP: 2/2
   398 | D:1      | Reached skill level 4 in Unarmed Combat
   845 | D:2      | Reached XP level 3. HP: 31/31 MP: 2/3
   917 | D:2      | Found a sacrificial altar of Ru.
   919 | D:2      | Found an iron altar of Okawaru.
   920 | D:2      | Found a glowing silver altar of Zin.
   920 | D:2      | Found a white marble altar of Elyvilon.
   920 | D:2      | Found an ornate altar of the Wu Jian Council.
   920 | D:2      | Found an opulent altar of Gozag.
   988 | D:2      | Became a worshipper of Ru the Awakened
  1001 | D:2      | Gained mutation: You cannot study or use magical devices.
                  | [Ru sacrifice]
  1001 | D:2      | Reached * piety under Ru
  1001 | D:2      | Reached ** piety under Ru
  1104 | D:2      | Reached skill level 1 in Throwing
  1545 | D:2      | Reached XP level 4. HP: 26/38 MP: 4/4
  2479 | D:3      | Reached XP level 5. HP: 41/45 MP: 5/5
  2507 | D:3      | Found a bloodstained altar of Trog.
  2759 | D:3      | Reached skill level 5 in Unarmed Combat
  2978 | D:3      | Found a hazy altar of Hepliaklqana.
  2981 | D:3      | Found a shadowy altar of Dithmenos.
  2981 | D:3      | Noticed a shadow
  3270 | D:4      | HP: 2/46 [wight/+3 halberd (9)]
  3276 | D:4      | Reached XP level 6. HP: 8/52 MP: 6/6
  4195 | D:4      | Reached skill level 6 in Unarmed Combat
  4197 | D:4      | Your scales start taking on a golden yellow colour.
  4197 | D:4      | Reached XP level 7. HP: 10/60 MP: 7/7
  4197 | D:4      | Gained mutation: You are resistant to acid. (rCorr) [Yellow
                  | Draconian growth]
  4564 | D:4      | Found a basalt altar of Yredelemnul.
  5097 | D:4      | Reached skill level 5 in Fighting
  5357 | D:4      | Reached skill level 7 in Unarmed Combat
  5951 | D:5      | Entered Level 5 of the Dungeon
  6006 | D:5      | Reached XP level 8. HP: 46/69 MP: 8/8
  6502 | D:5      | Found a burning altar of Makhleb.
  7236 | D:5      | Found a staircase to the Ecumenical Temple.
  7241 | Temple   | Entered the Ecumenical Temple
  8022 | D:6      | Reached skill level 5 in Dodging
  8022 | D:6      | Reached skill level 8 in Unarmed Combat
  8166 | D:6      | Found a shimmering altar of Xom.
  8756 | D:7      | Gained mutation: You are dopey. (Int -2) [Ru sacrifice]
  8756 | D:7      | Reached *** piety under Ru
  8780 | D:7      | Reached XP level 9. HP: 78/78 MP: 9/9
  9288 | D:7      | Found a radiant altar of Vehumet.
  9317 | D:7      | Reached skill level 9 in Unarmed Combat
  9660 | D:8      | Found Fajex's Antique Weapon Shoppe.
  9747 | D:8      | Killed from afar by an orc priest

Illustrated notes

Levels and vault maps discovered:
D:1:      minmay_arrival_five_plusses, layout_basic, nrook_campfire,
          chequers_serial_rivers_room_b
D:2:      layout_loops_cross, grunt_temple_overflow_open, minmay_heptomino_h4
D:3:      layout_rooms, riverfiend_overflow_shadow_ancestor, bloody_trog
D:4:      minmay_goblin_kobold_castle, layout_cave_pods, kennysheep_mini_moat,
          serial_bayou, serial_bayou_shore_b, serial_bayou_lake_a,
          serial_bayou_ford_a, serial_bayou_pond_e, grunt_ministairs_13
D:5:      layout_layer_cave, temple_doors_ab, makhleb_blood_cavern_becter
D:6:      layout_loops_ring, brannock_xom_greatest_gift
D:7:      layout_basic, old_standard_altar
D:8:      layout_rooms, marbit_many_paths, serial_shops,
          nicolae_shop_waterfront, nicolae_shop_statue_plus, shop,
          corexii_checkpoint_b, hangedman_abyss_or_decor_passed, minmay_holes
Temple:   eino_temple_lava

Skill      XL: |  1  2  3  4  5  6  7  8  9 |
---------------+----------------------------+-----
Unarmed Combat | 4 5 6 7 8 9 |  9.3
Throwing       | 1 2 4 |  4.6
Dodging        | 3 4 5 |  5.8
Fighting       | 4 5 6 7 |  7.0
Stealth        | |  1.7

Action                   |  1- 3 |  4- 6 |  7- 9 || total
-------------------------+-------+-------+-------++-------
Melee: Unarmed           |   124 |   168 |   391 ||   683
       Tailslap          |    11 |    27 |    71 ||   109
       Punch             |     2 |     4 |    14 ||    20
Throw: Boomerang         |    14 |    40 |    48 ||   102
Invok: Sacrifice Artific |     1 |       |       ||     1
       Sacrifice Purity  |       |       |     1 ||     1
       Draw Out Power    |       |       |     1 ||     1
 Abil: Breathe Acid      |       |       |     1 ||     1
  Use: Scroll            |       |     9 |     6 ||    15
       Potion            |       |     3 |       ||     3
 Stab: Sleeping          |     4 |       |     4 ||     8
       Invisible         |     1 |     1 |     1 ||     3
       Distracted        |       |       |     1 ||     1
Armor: Skin              |    40 |    41 |    76 ||   157
Dodge: Dodged            |    96 |   100 |   248 ||   444
       Repelled          |       |       |     1 ||     1

Table legend: (Time is in decaauts)
 A = Elapsed time spent in this place.
 B = Non-inter-level travel time spent in this place.
 C = Inter-level travel time spent in this place.
 D = Time resting spent in this place.
 E = Time spent auto-exploring this place.
 F = Levels seen in this place.
 G = Mean time per level.
                   A        B        C        D        E       F      G
               +--------+--------+--------+--------+--------+-----+--------+
         Total |   9732 |   9432 |    300 |   2383 |   5367 |   9 | 1081.3 |
       Dungeon |   9667 |   9373 |    294 |   2383 |   5309 |   8 | 1208.4 |
        Temple |     64 |     58 |      6 |      0 |     58 |   1 |   64.0 |
               +--------+--------+--------+--------+--------+-----+--------+

Top non-repeatable levels by time:
     D:4: 2865 daAuts
     D:5: 1655 daAuts
     D:7: 1193 daAuts
     D:2: 1167 daAuts
     D:3: 1094 daAuts
     D:1: 827 daAuts
     D:6: 772 daAuts
     D:8: 90 daAuts
  Temple: 64 daAuts
